 Dungeon Crawl Stone Soup version 0.32-a0-933-ga8fa3634e4 (webtiles) character file.

Game seed: 1324144071083393337

1701 ezpacito the Trooper (level 9, -11/68 HPs)
             Began as a Coglin Chaos Knight on Apr 14, 2024.
             Was a Plaything of Xom.
             Mangled by an unseen horror (15 damage)
             ... on level 4 of the Dungeon.
             The game lasted 00:08:04 (5164 turns).

ezpacito the Trooper (Coglin Chaos Knight)          Turns: 5164, Time: 00:08:04

Health: -11/68     AC: 10    Str: 14 (15) XL:     9   Next: 3%
Magic:  12/12      EV:  7    Int: 13 (15) God:    Xom [..*...]
Gold:   66         SH:  0    Dex: 11 (14) Spells: 12/12 levels left

rFire   . . .        z - +3 flail (chaos) {Prani}
rCold   + . .        a - +0 hand axe (chaos) {Johann}
rNeg    . . .        y - +0 chain mail {rC+}
rPois   .            (helmet restricted)
rElec   .            (no cloak)
rCorr   .            j - +0 pair of gloves
SInv    .            (no boots)
Will    +++..        (amulet unavailable) Stlth
                     (ring unavailable)
HPRegen 0.31/turn    (ring unavailable)
MPRegen 0.13/turn    (no gizmo)

%: no passive effects
@: brilliant, about to teleport, enlightened, flying, hasted, revving, very
quick
A: off-hand wielding, slow wielding, warmup strikes, no jewellery, horns 2,
clever 1, strong-willed 2, mutation resistance 1
a: Invent Gizmo, Renounce Religion


You were on level 4 of the Dungeon.
You worshipped Xom.
You were a toy of Xom.
You visited 1 branch of the dungeon, and saw 5 of its levels.

You collected 248 gold pieces.
You spent 182 gold pieces at shops.

Inventory:

Hand Weapons
 a - a +0 hand axe of chaos (offhand) {Johann}
 s - a +0 trident
 w - a +0 arbalest
 z - a +3 flail of chaos (weapon) {Prani}
Missiles
 n - a throwing net (quivered)
Armour
 j - a +0 pair of gloves (worn)
 y - a +0 chain mail of cold resistance (worn)
Talismans
 v - a flux talisman
Scrolls
 d - 2 scrolls of amnesia
 e - a scroll of enchant armour {unknown}
 g - 3 scrolls of immolation
 k - a scroll of revelation {unknown}
 o - 2 scrolls of brand weapon
 p - a scroll of silence {unknown}
 r - a scroll of poison {unknown}
 u - a scroll of noise {unknown}
 x - 2 scrolls of vulnerability
Potions
 b - a potion of attraction
 c - a potion of brilliance
 f - a potion of enlightenment
 m - a potion of lignification


   Skills:
 * Level 5.4 Fighting
 * Level 5.2(6.0) Axes
 * Level 3.8(5.0) Polearms
 * Level 4.5 Armour
 * Level 3.9 Dodging
 + Level 2.3 Stealth
 + Level 1.9 Unarmed Combat
 + Level 2.2 Spellcasting


You had 12 spell levels left.
You didn't know any spells.
Your spell library contained the following spells:

 Spells                   Type           Power      Damage    Failure   Level
 Inner Flame              Hex/Fire       2%         N/A       100%        3
 Flame Wave               Conj/Fire      2%         2d4       100%        4
 Sticky Flame             Fire/Alch      2%         2d4       100%        4


Dungeon Overview and Level Annotations

Branches:
Dungeon (5/15)
 Temple: D:4-7

Altars:
Dithmenos
Fedhas
Xom
The Shining One

Shops:
D:2 ?

Annotations:
D:5 2 runed translucent doors, D0namaru's ghost, novice DsNe


Innate Abilities, Weirdness & Mutations

You can wield a second weapon in your off-hand.
It takes a long time for you to wield or remove held weapons.
Your first few attacks do less damage.
You cannot equip rings or amulets.
You have a pair of horns on your head.
Your mind is acute. (Int +4, Str/Dex -1)
You are highly strong-willed. (Will++)
You are somewhat resistant to further mutation.


Message History

You take 4 damage, and have 43/68 hp.
You hit something but do no damage.
Xom thinks this is hilarious!
Nothing appears to happen.
You headbutt something.
You closely miss something with your +3 flail of chaos.
Something hits you! Something hits you.
You take 13 damage, and have 30/68 hp.
You closely miss something with your +3 flail of chaos.
You barely miss something with your +0 hand axe of chaos.
Something hits you but does no damage. x2
It was a potion of enlightenment.
You feel very buoyant.
You fly up into the air.
Something hits you.
You take 6 damage, and have 24/68 hp.
It was a potion of brilliance.
You feel clever all of a sudden.
Xom thinks this is hilarious!
Something hits you.
You take 1 damage, and have 23/68 hp.
It was a potion of degeneration.
There was something very wrong with that liquid.
You feel weakened.
You feel dopey.
You feel clumsy. Something hits you!
* * * LOW HITPOINT WARNING * * *
Something hits you but does no damage.
You take 15 damage, and have 8/68 hp.
MASSIVE DAMAGE!!
It was a potion of haste.
You feel yourself speed up. Something hits you.
* * * LOW HITPOINT WARNING * * *
Something hits you but does no damage.
You take 5 damage, and have 3/68 hp.
As you read the scroll of teleportation, it crumbles to dust.
You feel strangely unstable.
You hit something with your +0 hand axe of chaos.
Your headbutt misses something.
You closely miss something with your +3 flail of chaos.
Something you can't see is thrashing in a web.
You closely miss something with your +3 flail of chaos.
You hit something but do no damage. Something hits you!
You die...
Xom cackles wildly!

##.#########.# #.. #.#
#....# #.# #.# #.###########
##.# #.### #.#....##...#
####..# #...# #....#.##.#.#
##....##
###.#########.##.#.# #..####
#.##...##...#....####.## ##
#.##.#.....##.÷##.....#####.
#.##.#.....@{Y>†..........'.
#.##.#.....################.
#....#.....#...<# #.
######.......#### #.
#.###.########### #. #.#
#...........######.
#.###...........##...#.
#...............##...#.
######..(.......##...#.


You could see a yak.

Vanquished Creatures
  4 yaks
  Eustachio (D:5)
  Edmund (D:5)
  A sky beast (D:4)
  A black bear (D:5)
  An ogre (D:5)
  A phantom (D:5)
  2 scorpions (D:5)
  A bombardier beetle (D:3)
  A jelly (D:5)
  A hound (D:5)
  3 iguanas
  An orc wizard (D:5)
  4 gnolls (D:2)
  12 adders
  A white imp (D:3)
  2 ufetubi (D:5)
  A dart slug (D:1)
  A ribbon worm (D:5)
  9 orcs
  8 endoplasms
  2 giant cockroaches
  6 hobgoblins
  2 jackals (D:2)
  7 kobolds
  A quokka (D:1)
  4 ball pythons
  7 bats
  2 frilled lizards
  6 goblins
  8 rats
102 creatures vanquished.

Vanquished Creatures (collateral kills)
  An endoplasm (D:4)
1 creature vanquished.

Grand Total: 103 creatures vanquished

Notes
Turn   | Place    | Note
-------+----------+-------------------------------------------
     0 | D:1      | ezpacito the Coglin Chaos Knight began the quest for the
                  | Orb.
     0 | D:1      | Reached XP level 1. HP: 18/18 MP: 1/1
    41 | D:1      | Reached skill level 1 in Dodging
   171 | D:1      | Reached XP level 2. HP: 23/24 MP: 2/2
   339 | D:1      | You fall into a shaft and drop 1 floor!
   747 | D:1      | Reached XP level 3. HP: 25/29 MP: 3/3
   839 | D:1      | XOM: divination: detect creatures
  1122 | D:2      | Reached skill level 1 in Polearms
  1210 | D:2      | Found a faded altar of an unknown god.
  1314 | D:2      | XOM: divination: detect creatures
  1337 | D:2      | Reached XP level 4. HP: 17/35 MP: 4/4
  1443 | D:2      | Found Xichyshu's Magic Scroll Shop.
  1452 | D:2      | Bought a scroll of identify for 26 gold pieces
  1452 | D:2      | Bought a scroll of identify for 26 gold pieces
  1476 | D:2      | XOM: divination: detect items
  1580 | D:2      | XOM: divination: detect creatures
  1972 | D:2      | XOM: give mutations
  1972 | D:2      | Gained mutation: You are somewhat resistant to further
                  | mutation. [Xom's mischief]
  1972 | D:2      | Gained mutation: You are strong-willed. (Will+) [Xom's
                  | mischief]
  2009 | D:3      | XOM: smoke on damage
  2018 | D:3      | Reached XP level 5. HP: 35/41 MP: 6/6
  2379 | D:3      | XOM: noise
  2471 | D:3      | Reached skill level 1 in Spellcasting
  2520 | D:3      | Found a shimmering altar of Xom.
  2668 | D:3      | XOM: 2-stop teleportation journey
  2928 | D:3      | XOM: chaos upgrade
  3129 | D:4      | Reached XP level 6. HP: 48/48 MP: 7/7
  3153 | D:3      | Found a shadowy altar of Dithmenos.
  3300 | D:4      | Reached skill level 1 in Stealth
  3423 | D:3      | XOM: give mutations
  3423 | D:3      | Gained mutation: You have a pair of small horns on your
                  | head. [Xom's grace]
  3423 | D:3      | Gained mutation: You have a pair of horns on your head.
                  | [Xom's grace]
  3423 | D:3      | Gained mutation: Your mind is acute. (Int +4, Str/Dex -1)
                  | [Xom's grace]
  3423 | D:3      | Gained mutation: You are highly strong-willed. (Will++)
                  | [Xom's grace]
  3482 | D:4      | Noticed a sky beast
  3488 | D:4      | XOM: summons 2 friendly demons
  3490 | D:4      | Killed a sky beast
  3601 | D:4      | XOM: divination: magic mapping
  3795 | D:4      | XOM: cloud trail
  3881 | D:4      | XOM: divination: detect items
  3944 | D:5      | XOM: stealth player
  3944 | D:5      | Entered Level 5 of the Dungeon
  3946 | D:5      | Noticed a yak
  3947 | D:5      | Noticed a yak
  3947 | D:5      | Noticed a yak
  3947 | D:5      | Noticed a yak
  3948 | D:5      | Noticed a yak
  3956 | D:4      | XOM: enchant monster (good)
  3960 | D:4      | Killed a yak
  3961 | D:4      | Reached XP level 7. HP: 17/54 MP: 7/9
  4035 | D:2      | Bought a scroll of vulnerability for 52 gold pieces
  4035 | D:2      | Bought a scroll of teleportation for 39 gold pieces
  4035 | D:2      | Bought a scroll of teleportation for 39 gold pieces
  4088 | D:2      | Saving game... please wait.
  4088 | D:2      | Upgraded the game from 0.32-a0-931-g5a2cda0630 to
                  | 0.32-a0-933-ga8fa3634e4
  4154 | D:5      | Found a blossoming altar of Fedhas.
  4250 | D:5      | Noticed Eustachio
  4259 | D:5      | Killed Eustachio
  4262 | D:5      | Reached skill level 1 in Unarmed Combat
  4355 | D:5      | XOM: 2-stop teleportation journey
  4463 | D:5      | Found a glowing golden altar of the Shining One.
  4471 | D:5      | Found a runed translucent door.
  4475 | D:5      | Noticed D0namaru's ghost (novice DsNe)
  4513 | D:5      | Reached XP level 8. HP: 59/61 MP: 10/10
  4557 | D:5      | Found a runed translucent door.
  4619 | D:5      | Noticed Edmund
  4645 | D:5      | XOM: potion effect (berserk rage)
  4647 | D:5      | Killed Edmund
  4648 | D:5      | Reached skill level 5 in Fighting
  5016 | D:5      | Noticed a yak
  5020 | D:5      | Killed a yak
  5021 | D:5      | Reached skill level 5 in Axes
  5031 | D:5      | Killed a yak
  5032 | D:5      | XOM: divination: detect items
  5147 | D:4      | Killed a yak
  5148 | D:4      | Reached XP level 9. HP: 63/68 MP: 12/12
  5161 | D:4      | HP: 3/68 [something (5)]
  5164 | D:4      | Mangled by an unseen horror

Illustrated notes

Levels and vault maps discovered:
D:1:      psy_arrival_statuary, layout_basic
D:2:      layout_loops_ring, serial_shops, shop, ebering_ecumenical_altar_hall
D:3:      layout_basic, nicolae_overflow_hidden_temple, xom_teletrap_fun
D:4:      layout_basic
D:5:      layout_loops_cross, mainiacjoe_overflow_tiny_flanked,
          kennysheep_little_box, ebering_ghost_sewer_f, uniq_crazy_yiuf_cottage,
          uniq_edmund, uniq_eustachio

Skill      XL: |  1  2  3  4  5  6  7  8 |
---------------+-------------------------+-----
Dodging        | 1 2 3 |  3.9
Armour         | 2 3 4 |  4.5
Polearms       | 1 2 3 |  3.8
Spellcasting   | 1 2 |  2.2
Stealth        | 1 2 |  2.3
Fighting       | 4 5 |  5.4
Axes           | 4 5 |  5.2
Unarmed Combat | 1 |  1.9

Action                     |  1- 3 |  4- 6 |  7- 9 || total
---------------------------+-------+-------+-------++-------
  Melee: Hand axe          |    74 |   129 |    80 ||   283
         Dagger            |    71 |     3 |       ||    74
         Spear             |       |   124 |       ||   124
         Flail             |       |    23 |    78 ||   101
         Headbutt          |       |     4 |    24 ||    28
    Use: Potion            |     3 |     2 |     9 ||    14
         Scroll            |     1 |       |     9 ||    10
   Stab: Confused          |     1 |       |       ||     1
         Sleeping          |       |     3 |       ||     3
         Paralysed         |       |     1 |     3 ||     4
         Distracted        |       |       |     2 ||     2
 Armour: Leather armour    |    54 |    73 |       ||   127
         Skin              |    13 |     2 |       ||    15
         Chain mail        |       |    14 |   124 ||   138
  Dodge: Dodged            |    58 |    75 |    41 ||   174

Table legend: (Time is in decaauts)
 A = Elapsed time spent in this place.
 B = Non-inter-level travel time spent in this place.
 C = Inter-level travel time spent in this place.
 D = Time resting spent in this place.
 E = Time spent auto-exploring this place.
 F = Levels seen in this place.
 G = Mean time per level.
                   A        B        C        D        E       F      G
               +--------+--------+--------+--------+--------+-----+--------+
         Total |   5209 |   4518 |    691 |     11 |   3685 |   5 | 1041.8 |
       Dungeon |   5209 |   4518 |    691 |     11 |   3685 |   5 | 1041.8 |
               +--------+--------+--------+--------+--------+-----+--------+

Top non-repeatable levels by time:
     D:3: 1227 daAuts
     D:2: 1206 daAuts
     D:5: 1019 daAuts
     D:1: 978 daAuts
     D:4: 777 daAuts
